Map: Blueshift LE

Players

Pure

  • Race: Protoss Protoss
  • Spawn Location: 1:00

Cuddlebear - Winner!

  • Race: Terran Terran
  • Spawn Location: 7:00

Event: WCS Montreal 2018

VOD

Have the link to the VOD?

Description

Time

  • Played on: Sept. 7, 2018, 12:34 p.m.
  • Length: 8:39

All games in this series

Show
View Real Time Build Order
Export as new Build Order

Pure Protoss 

Build Orders: 1 Gate Expand, Blink Stalkers 

Get SALT Encoding   

  12  0:00  Probe  
  13  0:13  Probe  
  14  0:17  Pylon  
  14  0:23  Probe  
  15  0:31  Probe  
  16  0:36  Gateway  
  16  0:39  Probe  
  16  0:45  Assimilator  
  17  0:51  Probe  
  18  0:59  Probe  
  19  1:07  Probe  
  20  1:22  Nexus  
  20  1:32  Cybernetics Core  
  20  1:35  Probe  
  20  1:39  Assimilator  
  21  1:47  Probe  
  21  1:51  Pylon  
  22  1:59  Stalker, Probe  
  23  2:10  Warp Gate  
  23  2:11  Probe  
  26  2:23  Stalker  
  26  2:24  Probe  
  26  2:25  Twilight Council  
  26  2:35  Probe  
  26  2:36  Probe  
  30  2:37  Blink  
  30  2:47  Probe  
  30  2:48  Probe  
  32  2:53  Pylon  
  32  2:59  Probe  
  32  3:01  Probe  
  34  3:11  Probe  
  35  3:17  Gateway  
  35  3:18  Gateway  
  35  3:21  Probe  
  35  3:26  Stalker  
  38  3:43  Probe  
  39  3:49  Probe  
  40  3:56  Probe  
  40  4:01  Probe  
  42  4:02  Assimilator  
  42  4:08  Robotics Facility  
  42  4:10  Probe  
  42  4:12  Pylon, Shield Battery  
  42  4:13  Probe  
  42  4:14  Stalker x3  
  50  4:20  Assimilator  
  50  4:22  Probe  
  51  4:26  Probe  
  52  4:33  Shield Battery  
  52  4:37  Pylon  
  52  4:38  Probe  
  52  4:39  Probe  
  54  4:49  Stalker x2  
  54  4:50  Stalker  
  54  4:52  Probe  
  61  4:53  Pylon  
  61  4:55  Observer  
  61  4:56  Probe  
  62  5:02  Robotics Bay  
  62  5:04  Probe  
  64  5:17  Probe  
  64  5:19  Observer  
  66  5:23  Robotics Facility  
  66  5:28  Probe  
  67  5:29  Stalker  
  69  5:45  Probe  
  69  5:46  Nexus  
  69  5:48  Pylon, Disruptor  
  71  5:58  Probe  
  71  6:02  Probe  
  73  6:10  Probe  
  73  6:13  Disruptor  
  73  6:15  Stalker x3  
  73  6:18  Probe  
  83  6:23  Probe  
  83  6:24  Pylon  
  84  6:27  Observer  
  84  6:31  Pylon  
  84  6:32  Disruptor  
  84  6:33  Gateway  
  84  6:39  Pylon, Probe  
  85  6:43  Observer  
  85  6:45  Charge  
  88  6:47  Pylon  
  88  6:52  Probe x2  
  90  6:56  Forge  
  90  7:00  Probe  
  91  7:01  Disruptor  
  91  7:04  Probe  
  95  7:10  Stalker x3  
  78  7:38  Stalker x3  
  78  7:43  Disruptor  
  87  7:48  Disruptor  
  87  7:50  Gateway  
  90  7:51  Gateway  
  90  7:53  Gateway  
  90  7:56  Pylon  
  89  8:13  Stalker  
  89  8:16  Nexus  
  89  8:18  Pylon  
Show
View Real Time Build Order
Export as new Build Order

Cuddlebear Terran - Winner!

Build Orders: Reaper Expand, MMM Bio 

Get SALT Encoding   

  12  0:01  SCV  
  13  0:13  SCV  
  14  0:18  Supply Depot  
  14  0:25  SCV  
  15  0:40  SCV  
  15  0:42  Barracks  
  16  0:46  Refinery  
  16  0:52  SCV  
  17  1:04  SCV  
  18  1:16  SCV  
  19  1:28  Orbital Command  
  19  1:30  Reaper  
  20  1:45  Command Center  
  20  1:55  SCV  
  20  2:00  Barracks  
  21  2:03  Barracks Reactor  
  21  2:10  Supply Depot  
  21  2:17  SCV, Refinery  
  22  2:29  SCV  
  23  2:34  Factory  
  23  2:39  Marine x2  
  23  2:42  SCV  
  26  2:47  Barracks Tech Lab  
  26  2:54  SCV  
  26  2:57  Marine x2  
  30  3:00  Orbital Command  
  28  3:06  Marine  
  28  3:11  Stimpack  
  29  3:15  Bunker  
  29  3:19  Marine x2  
  31  3:21  SCV  
  32  3:29  Starport  
  32  3:31  Factory Reactor  
  32  3:33  Marine  
  33  3:39  SCV  
  33  3:40  SCV  
  34  3:44  Marine  
  34  3:50  Marine  
  34  3:51  SCV, Marine  
  34  3:52  SCV  
  37  4:02  Engineering Bay  
  37  4:03  SCV, Supply Depot  
  37  4:04  Marine  
  39  4:12  Marine x2  
  39  4:15  SCV  
  43  4:17  Medivac  
  43  4:19  Medivac  
  46  4:24  Marine  
  46  4:27  Terran Infantry Weapons Level 1  
  46  4:30  Missile Turret  
  46  4:31  Marine  
  47  4:34  Marine  
  47  4:36  SCV  
  47  4:38  SCV  
  51  4:42  Marine  
  52  4:46  Missile Turret  
  52  4:48  SCV  
  52  4:51  SCV  
  54  4:56  Supply Depot  
  54  5:08  SCV  
  54  5:09  Marine, Supply Depot  
  54  5:12  SCV  
  54  5:13  Marauder  
  53  5:18  Marine  
  53  5:19  Factory Tech Lab  
  53  5:20  SCV  
  53  5:21  Combat Shields  
  53  5:24  SCV  
  53  5:27  Marine  
  55  5:32  SCV  
  55  5:34  Barracks  
  56  5:37  Marauder, Marine  
  60  5:43  Siege Tank  
  60  5:44  Medivac  
  60  5:46  SCV  
  60  5:48  Refinery  
  60  5:49  Supply Depot  
  65  5:54  SCV  
  64  5:58  SCV  
  64  6:01  Marine  
  64  6:02  Marauder  
  66  6:06  SCV  
  66  6:07  Marine  
  66  6:10  SCV  
  69  6:17  Siege Tank  
  72  6:18  SCV  
  72  6:19  Marine  
  72  6:22  Marine  
  72  6:23  Marauder, Terran Infantry Armor Level 1  
  78  6:31  Marine  
  78  6:32  Supply Depot  
  78  6:33  Supply Depot  
  78  6:37  Command Center  
  78  6:53  Medivac, SCV, Marine x3  
  78  6:54  Marauder, SCV  
  86  6:55  Supply Depot  
  86  6:57  Supply Depot  
  86  7:00  Marine  
  88  7:04  Siege Tank, Supply Depot  
  88  7:06  SCV  
  88  7:07  Supply Depot  
  90  7:21  Marauder, Marine  
  93  7:27  Marine  
  93  7:35  Marine x2  
  90  7:38  Starport Reactor  
  90  7:39  Siege Tank, Marine  
  90  7:40  SCV  
  90  7:43  Marauder  
  97  7:45  Marine  
  98  7:52  SCV, Marine  
  98  7:53  SCV, Marine, Orbital Command  
  98  7:56  Marine  
  103  7:58  Barracks, Refinery  
  103  7:59  Barracks  
  103  8:02  Marine  
  103  8:05  SCV x2  
  102  8:09  Marine  
  102  8:10  Marine  
  104  8:17  SCV x2  
  106  8:23  SCV  
Tags
 
Add a new tag
Caveats
  • Supply blocks, unpowered buildings, or Contaminate may cause inaccurate times.
  • Supply counts are checked every 10 seconds.